 Dungeon Crawl Stone Soup version 0.21.1-1-g345015f (webtiles) character file.

40 inc the Scratcher (level 3, 17/17 HPs)
             Began as a Felid Monk on Mar 7, 2018.
             Quit the game on level 3 of the Dungeon.
             The game lasted 00:02:40 (2981 turns).

inc the Scratcher (Felid Monk)                      Turns: 2981, Time: 00:02:41

Health: 17/17      AC:  1    Str:  7    XL:     3   Next: 30%
Magic:  4/4        EV: 19    Int: 12    God:
Gold:   178        SH:  0    Dex: 18    Spells: 2/2 levels left
                                        Lives:  0   Deaths: 1

rFire    . . .     SeeInvis +     - Unarmed
rCold    . . .     Gourm    .   (shield unavailable)
rNeg     . . .     Faith    .   (armour unavailable)
rPois    .         Spirit   .   (helmet unavailable)
rElec    .         Reflect  .   (cloak unavailable)
rCorr    .         Harm     .   (gloves unavailable)
MR       .....                  (boots unavailable)
Stlth    +++.......             (no amulet)
HPRegen  0.05/turn              (no ring)
MPRegen  0.09/turn              (no ring)

@: quick
A: very small, no armour, no weapons or thrown items, stealth, claws 1, fangs 3,
see invisible, carnivore, speed 1, shaggy fur 1, slow metabolism 1, sharp paws
a: no special abilities


You were on level 3 of the Dungeon.
You were not hungry.

You visited 1 branch of the dungeon, and saw 3 of its levels.

You collected 178 gold pieces.

Inventory:

Scrolls
 b - 3 scrolls of amnesia {unknown}
 d - 2 scrolls of remove curse {unknown}
 e - a scroll of fog {unknown}
 g - 5 scrolls of identify {unknown}
 h - a scroll of fear {unknown}
 i - a scroll of noise {unknown}
 j - 3 scrolls of teleportation {unknown}
 l - a scroll of magic mapping {unknown}
 m - a scroll of enchant weapon {unknown}
Potions
 c - 3 potions of heal wounds {unknown}
 f - a potion of haste {unknown}
 k - 2 potions of brilliance {unknown}
 n - a potion of mutation {unknown}
Comestibles
 a - 5 rations


   Skills:
 - Level 3.0 Fighting
 - Level 4.0 Dodging
 - Level 2.6 Stealth
 + Level 5.2 Unarmed Combat


You had 2 spell levels left.
You didn't know any spells.

Dungeon Overview and Level Annotations

Branches:
Dungeon (3/15)

Altars:
Dithmenos

Annotations:
D:3 1 runed door, bmj180's ghost, amateur HaFi


Innate Abilities, Weirdness & Mutations

You cannot wear armour.
You are incapable of wielding weapons or throwing items.
Your paws allow you to move quietly. (Stealth)
You have sharp claws.
You have razor-sharp teeth.
You have supernaturally acute eyesight. (SInv)
You are carnivorous and can eat meat at any time.
You cover ground quickly.
You are covered in fur. (AC +1)
You have a slow metabolism.
Your sharp claws are effective at attacking unaware monsters.


Message History

The orc wizard gestures wildly while chanting.
The orc wizard seems to speed up.
You scratch the orc priest.
The orc priest is severely wounded.
The orc priest completely misses you. The orc wizard completely misses you.
You scratch the orc priest.
The orc priest is almost dead.
The orc wizard misses you. The orc priest closely misses you.
Okay, then.
You completely miss the orc priest.
The orc priest is almost dead.
The orc wizard hits you with a dagger.
You die...
The orc priest mumbles some strange prayers to Beogh against you.
Pain shoots through your body!
The orc wizard hits you with a +0 dagger.
You are now level 3!
You rejoin the land of the living...
Unknown command.
Are you sure you want to abandon this character and quit the game? (Confirm with "yes".)

..######.# #.#
...# #... #.#
...# ####.# #.#
#..# # #.# ..##
#.# ###
#####.#####
########
##.........#
.......#
#..#######....
######.# #@#
#$⌠$## ##
######..
........##.....##
........
.#.####.#.......#
########
#.#.#...#.#
###.....
#.#.......# ....#
#.#.......# ..###
#.#.o.....# #.#
#.#.#)..#.#
#.#######.
####.#.o.....#.


There were no monsters in sight!

Vanquished Creatures
  An adder (D:3)
  2 oozes (D:1)
  2 worms (D:2)
  2 dart slugs (D:1)
  4 leopard geckos
  5 orcs (D:3)
  A giant cockroach (D:3)
  3 goblins
  6 hobgoblins
  5 jackals
  6 kobolds
  A quokka (D:3)
  3 bats
  8 frilled lizards
  2 rats
51 creatures vanquished.

Notes
Turn   | Place    | Note
-------+----------+-------------------------------------------
     0 | D:1      | inc the Felid Monk began the quest for the Orb.
     0 | D:1      | Reached XP level 1. HP: 10/10 MP: 2/2
   394 | D:1      | Reached XP level 2. HP: 14/14 MP: 3/3
   880 | D:1      | Reached skill level 4 in Unarmed Combat
  1048 | D:1      | Reached XP level 3. HP: 17/17 MP: 4/4
  1894 | D:2      | Found a shadowy altar of Dithmenos.
  2416 | D:3      | Reached XP level 4. HP: 11/21 MP: 5/5
  2579 | D:3      | Reached skill level 5 in Unarmed Combat
  2818 | D:3      | Found a runed door.
  2888 | D:3      | Noticed bmj180's ghost (amateur HaFi)
  2980 | D:3      | Slain by an orc wizard
  2981 | D:3      | Reached XP level 3. HP: -1/17 MP: 4/4
  2981 | D:3      | Quit the game

Skill      XL: |  1  2  3  4 |
---------------+-------------+-----
Unarmed Combat | 4 5 |  5.2
Fighting       | |  3.0
Dodging        | |  4.0
Stealth        | |  2.6

Action                   |  1- 3 |  4- 6 || total
-------------------------+-------+-------++-------
Melee: Unarmed           |    98 |    51 ||   149
       Bite              |     6 |     5 ||    11
       Punch             |     1 |       ||     1
 Stab: Sleeping          |     7 |       ||     7
  Eat: Chunk             |       |     3 ||     3
Armor: Skin              |     4 |       ||     4
Dodge: Dodged            |    57 |    45 ||   102
